 Dungeon Crawl Stone Soup version 0.24.0 (webtiles) character file.

Game seed: 10893113683732155681, levelgen mode: deterministic

275 Ayyar the Ducker (level 6, -3/47 HPs)
             Began as a Demonspawn Gladiator on Apr 5, 2020.
             Asphyxiated
             ... on level 4 of the Dungeon.
             The game lasted 00:15:46 (3876 turns).

Ayyar the Ducker (Demonspawn Gladiator)             Turns: 3876, Time: 00:15:46

Health: -3/47      AC:  3    Str: 17    XL:     6   Next: 3%
Magic:  6/6        EV: 13    Int:  9    God:
Gold:   131        SH:  0    Dex: 14    Spells: 5/5 levels left

rFire    . . .     SeeInvis .   a - +0 long sword
rCold    . . .     Gourm    .   (no shield)
rNeg     . . .     Faith    .   b - +0 leather armour
rPois    .         Spirit   .   (helmet restricted)
rElec    .         Reflect  .   (no cloak)
rCorr    .         Harm     .   (no gloves)
MR       .....                  (no boots)
Stlth    +.........             (no amulet)
HPRegen  0.15/turn              (no ring)
MPRegen  0.10/turn              (no ring)

@: lethally poisoned (-3 -> -16)
A: claws 1, hooves 1, horns 1, demonic guardian 1
a: no special abilities


You were on level 4 of the Dungeon.
You were not hungry.

You visited 1 branch of the dungeon, and saw 4 of its levels.

You collected 131 gold pieces.

Inventory:

Hand Weapons
 a - a +0 long sword (weapon)
 p - a cursed +0 whip
Missiles
 d - 2 throwing nets
 i - 2 poisoned darts (quivered)
Armour
 b - a +0 leather armour (worn)
Jewellery
 g - an uncursed amulet of harm {unknown}
 h - an uncursed ring of ice {unknown}
 u - an uncursed amulet of magic regeneration {unknown}
Wands
 j - a wand of random effects (9)
Scrolls
 e - 2 scrolls of noise {unknown}
 k - 2 scrolls of blinking {unknown}
 l - 3 scrolls of identify {unknown}
 m - 4 scrolls of fear {unknown}
 n - a scroll of fog {unknown}
 o - a scroll of remove curse {unknown}
 r - a scroll of random uselessness {unknown}
 t - a scroll of teleportation {unknown}
Potions
 c - 2 potions of might {unknown}
 q - a potion of haste {unknown}
 s - 5 potions of curing {unknown}
 v - a potion of brilliance {unknown}
 x - a potion of lignification {unknown}
Comestibles
 f - 6 rations


   Skills:
 + Level 3.5 Fighting
 + Level 3.8 Long Blades
 + Level 3.2 Throwing
 + Level 3.9 Dodging


You had 5 spell levels left.
You didn't know any spells.
Your spell library was empty.

Dungeon Overview and Level Annotations

Branches:
Dungeon (4/15)
 Temple: D:4-7

Altars:
Hepliaklqana
Wu Jian


Innate Abilities, Weirdness & Mutations

You have sharp fingernails.
You have large cloven feet.
You have a pair of small horns on your head.
A weak demonic guardian rushes to your aid.


Message History

You see here a stone.
The gnoll throws a stone.
The stone barely misses you.
You see here a stone.
The gnoll throws a stone.
The stone closely misses you.
You see here a stone.
The gnoll throws a stone.
The stone hits you.
* * * LOW HITPOINT WARNING * * *
You see here a stone.
Found a stone staircase leading up.
The gnoll throws a stone.
The stone hits you.
* * * LOW HITPOINT WARNING * * *
You see here a stone.
The gnoll throws a stone.
The stone closely misses you.
The gnoll throws a stone.
The stone closely misses you.
The gnoll throws a curare-tipped dart.
The curare-tipped dart misses you.
The gnoll throws a stone.
The stone hits you but does no damage.
The gnoll throws a curare-tipped dart.
The curare-tipped dart hits you.
You are lethally poisoned!
You have difficulty breathing.
You die...

#......##...... ...÷...........
.....÷...#...... ............
.........#...... ............
......#.##.....# ...........g
......#.##.....# ..##......# .
.#..##......... .<###......# .
.........#.....####.##.....g.###.
.#.......#....(#@(...#........#..
.........#.......)#####..........
....................# #.#.#......
#....#.#.#.....(...)###........##
#.............>...)#(##(#.#.#..#
####.#.#.#.........()().(......#
#..........gg##.#..#.##...###
#.#.#.#.##..(.#.#..#.#..###
#............((.(.(.....#


You could see 2 gnolls.

Vanquished Creatures
  A jelly (D:3)
  Terence (D:2)
  4 gnolls (D:4)
  7 adders
  2 oozes
  2 worms (D:2)
  2 dart slugs
  4 leopard geckos
  3 orcs
  7 giant cockroaches
  8 goblins
  10 hobgoblins
  2 jackals (D:3)
  5 quokkas
  2 ball pythons (D:4)
  7 bats
  2 frilled lizards (D:2)
  10 kobolds
  8 rats
87 creatures vanquished.

Vanquished Creatures (collateral kills)
  An iguana (D:4)
1 creature vanquished.

Grand Total: 88 creatures vanquished

Notes
Turn   | Place    | Note
-------+----------+-------------------------------------------
     0 | D:1      | Ayyar the Demonspawn Gladiator began the quest for the Orb.
     0 | D:1      | Reached XP level 1. HP: 16/16 MP: 1/1
    72 | D:1      | Gained mutation: A weak demonic guardian rushes to your
                  | aid. [demonic ancestry]
    72 | D:1      | Reached XP level 2. HP: 20/22 MP: 2/2
   660 | D:1      | Gained mutation: You have large cloven feet. [demonic
                  | ancestry]
   660 | D:1      | Reached XP level 3. HP: 28/28 MP: 3/3
   953 | D:2      | Noticed Terence
   962 | D:2      | Killed Terence
   982 | D:2      | Gained mutation: You have a pair of small horns on your
                  | head. [demonic ancestry]
   982 | D:2      | Reached XP level 4. HP: 9/34 MP: 4/4
  1008 | D:2      | HP: 1/34 [poisoned by an adder]
  1573 | D:2      | Found an ornate altar of the Wu Jian Council.
  2501 | D:3      | Found a hazy altar of Hepliaklqana.
  2708 | D:3      | Reached XP level 5. HP: 33/41 MP: 5/5
  3802 | D:4      | Gained mutation: You have sharp fingernails. [demonic
                  | ancestry]
  3802 | D:4      | Reached XP level 6. HP: 21/47 MP: 6/6
  3876 | D:4      | Asphyxiated

Levels and vault maps discovered:
D:1:      saegor_arrival_simple_d, layout_loops_ring, serial_forest,
          infiniplex_forest_end_2, infiniplex_forest_end_2,
          infiniplex_forest_clump_small, infiniplex_forest_clump_C,
          infiniplex_forest_zigzag_2, infiniplex_forest_clump_double,
          infiniplex_forest_clump_long, infiniplex_forest_straight_2,
          serial_park_tiny_pond
D:2:      minmay_skewed_foursquare, layout_basic, lemuel_coloured_pillars_altar,
          lemuel_doored_altar, first_ration, uniq_terence
D:3:      layout_basic, nicolae_overflow_hidden_temple
D:4:      layout_cave_pools, minitemple, gammafunk_temple_overflow_pools,
          minmay_temple_entry_statues_fountains, serial_glass, glass_columns_a,
          glass_columns_a, glass_columns_a, glass_columns_c, glass_columns_a,
          glass_columns_a, glass_columns_a, glass_columns_a, glass_columns_a,
          glass_columns_a, glass_columns_b, glass_columns_b, glass_columns_a,
          glass_columns_b, due_unseen_surprise, item_on_display_a
